NYP
BATAVIA MUCKDOGS @ AUBURN DOUBLEDAYS
06/20/2099
 
TOP OF THE 1ST
Batavia Muckdogs batting - Pitching for Auburn Doubledays : RHP Omar Villanueva
Pitching: RHP Omar Villanueva
Batting: RHB Brice Post 0-0: SINGLE (Line Drive, 8LS, EV 98.8 MPH)
Batting: RHB Zack Atwood 0-0: Called Strike
0-1: Ball
1-1: Called Strike
1-2: Strikes out looking
Batting: RHB Brian Andrews 0-0: Called Strike
Brice Post steals 2nd base
0-1: Swinging Strike
0-2: Foul Ball, location: 3F, Error on foul ball, E3
0-2: Strikes out swinging
Batting: LHB Lynssl Goldstein 0-0: Called Strike
0-1: Ball
1-1: Swinging Strike
1-2: Ball
2-2: Strikes out swinging
Top of the 1st over - 0 runs, 1 hit, 1 error, 1 left on base; Batavia 0 - Auburn 0
BOTTOM OF THE 1ST
Auburn Doubledays batting - Pitching for Batavia Muckdogs : RHP Ethan Gordon
Pitching: RHP Ethan Gordon
Batting: RHB Matthew Lizaso 0-0: Ball
1-0: Ball
2-0: Fly out, F8 (Flyball, 8RM, EV 97.5 MPH)
Batting: RHB Tony Alvarez 0-0: Foul Ball, location: 2F
0-1: Ball
1-1: Swinging Strike
1-2: Ball
2-2: Strikes out swinging
Batting: LHB Bobby Lane 0-0: Ball
1-0: Swinging Strike
1-1: Swinging Strike
1-2: Ball
2-2: Foul Ball, location: 7LDF
2-2: Strikes out swinging
Bottom of the 1st over - 0 runs, 0 hits, 0 errors, 0 left on base; Batavia 0 - Auburn 0
TOP OF THE 2ND
Batavia Muckdogs batting - Pitching for Auburn Doubledays : RHP Omar Villanueva
Batting: RHB Cesar Torres 0-0: Ball
1-0: Swinging Strike
1-1: Fly out, F3 (Popup, 3F, EV 81.9 MPH)
Batting: RHB Jamie Eirich 0-0: SINGLE (Groundball, 4MD, EV 88.8 MPH) (infield hit)
Batting: RHB Matt Jackson 0-0: Ground out 4-3 (Groundball, 34D, EV 95.6 MPH)
Jamie Eirich to second
Batting: RHB Chris Denbo 0-0: Foul Ball, location: 23F
0-1: Ball
1-1: Ball
2-1: SINGLE (Groundball, 4, EV 101.9 MPH) (infield hit)
Jamie Eirich to third
Batting: RHB Bill Ybanez 0-0: Foul Ball, location: 2F
0-1: Ball
1-1: Foul Ball, location: 7LSF
1-2: Strikes out looking
Top of the 2nd over - 0 runs, 2 hits, 0 errors, 2 left on base; Batavia 0 - Auburn 0
BOTTOM OF THE 2ND
Auburn Doubledays batting - Pitching for Batavia Muckdogs : RHP Ethan Gordon
Batting: SHB Guadalupe Quiroz 0-0: Ball
1-0: Ball
2-0: Ball
3-0: Called Strike
3-1: Called Strike
3-2: Ground out 6-3 (Groundball, 56, EV 95.6 MPH)
Batting: RHB Jose Hinojosa 0-0: SINGLE (Groundball, 56S, EV 70.0 MPH) (infield hit)
Batting: RHB Ryan Phillips 0-0: Ball
1-0: Fly out, F7 (Flyball, 7, EV 100.0 MPH)
Batting: SHB Bill Perez 0-0: Ball
1-0: Ball
2-0: Called Strike
2-1: Called Strike
2-2: Ball
3-2: Fly out, F8 (Flyball, 8RD, EV 93.1 MPH)
Bottom of the 2nd over - 0 runs, 1 hit, 0 errors, 1 left on base; Batavia 0 - Auburn 0
TOP OF THE 3RD
Batavia Muckdogs batting - Pitching for Auburn Doubledays : RHP Omar Villanueva
Batting: RHB Brice Post 0-0: Ball
1-0: SINGLE (Groundball, 3D, EV 103.1 MPH)
Batting: RHB Zack Atwood 0-0: Grounds into double play, 4-6-3 (Groundball, 4, EV 84.4 MPH)
Batting: RHB Brian Andrews 0-0: Called Strike
0-1: Ball
1-1: Ball
2-1: Swinging Strike
2-2: Ground out 5-3 (Groundball, 56S, EV 85.6 MPH)
Top of the 3rd over - 0 runs, 1 hit, 0 errors, 0 left on base; Batavia 0 - Auburn 0
BOTTOM OF THE 3RD
Auburn Doubledays batting - Pitching for Batavia Muckdogs : RHP Ethan Gordon
Batting: RHB Jordan Sowell 0-0: Called Strike
0-1: Ball
1-1: Ball
2-1: Swinging Strike
2-2: Ball
3-2: Foul Ball, location: 3SF
3-2: Base on Balls
Batting: RHB Jim Miller 0-0: Ball
1-0: Ball
2-0: Foul Ball, location: 25FF
2-1: 2-RUN HOME RUN (Flyball, 7D, EV 100.0 MPH), Distance : 390 ft
Batting: RHB Matthew Lizaso 0-0: Foul Ball, location: 3F
0-1: Ball
1-1: Foul Ball, location: 2F
1-2: Ball
2-2: Foul Ball, location: 2F
2-2: Ball
3-2: SINGLE (Line Drive, 7LS, EV 96.9 MPH)
Batting: RHB Tony Alvarez 0-0: TRIPLE (Flyball, 9D, EV 110.6 MPH)
Matthew Lizaso scores
Batting: LHB Bobby Lane 0-0: DOUBLE (Flyball, 78D, EV 92.5 MPH)
Tony Alvarez scores
Batting: SHB Guadalupe Quiroz 0-0: Ball
1-0: Called Strike
1-1: Ground out U3 (Groundball, 3, EV 86.9 MPH)
Bobby Lane to third
Batting: RHB Jose Hinojosa 0-0: Foul Ball, location: 2F
0-1: SINGLE (Groundball, 4MD, EV 106.3 MPH)
Bobby Lane scores
Batting: RHB Ryan Phillips 0-0: Ball
1-0: Ball
2-0: Ball
3-0: Called Strike
3-1: Called Strike
3-2: Fly out, F9 (Flyball, 89S, EV 81.9 MPH)
Pitching: RHP Ashley Rodda
Batting: SHB Bill Perez 0-0: Ball
1-0: Fly out, F9 (Flyball, 9S, EV 90.0 MPH)
Bottom of the 3rd over - 5 runs, 5 hits, 0 errors, 1 left on base; Batavia 0 - Auburn 5
TOP OF THE 4TH
Batavia Muckdogs batting - Pitching for Auburn Doubledays : RHP Omar Villanueva
Batting: LHB Lynssl Goldstein 0-0: Ball
1-0: Foul Ball, location: 2F
1-1: SINGLE (Groundball, 6MS, EV 67.5 MPH) (infield hit)
Batting: RHB Cesar Torres 0-0: Ball
1-0: Called Strike
Lynssl Goldstein steals 2nd base
1-1: Foul Ball, location: 2F
1-2: Ball
2-2: Ball
3-2: Base on Balls
Batting: RHB Jamie Eirich 0-0: Called Strike
0-1: Swinging Strike
0-2: Foul Ball, location: 2F
0-2: Foul Ball, location: 3SF
0-2: Ball
1-2: DOUBLE (Line Drive, 8LD, EV 98.8 MPH)
Lynssl Goldstein scores
Cesar Torres to third
Batting: RHB Matt Jackson 0-0: Ball
1-0: Ground out 5-3 (Groundball, 15, EV 87.5 MPH)
Batting: RHB Chris Denbo 0-0: Ball
1-0: Foul Ball, location: 7LMF
1-1: Foul Ball, location: 2F
1-2: Ball
2-2: Foul Ball, location: 2F
2-2: Foul Ball, location: 2RF
2-2: Ball
3-2: Foul Ball, location: 2F
3-2: Foul Ball, location: 3FF
3-2: Strikes out swinging
Batting: RHB Bill Ybanez 0-0: Ball
1-0: Ball
2-0: Called Strike
2-1: Ball
3-1: Fly out, F3 (Popup, 34S, EV 83.8 MPH)
Top of the 4th over - 1 run, 2 hits, 0 errors, 2 left on base; Batavia 1 - Auburn 5
BOTTOM OF THE 4TH
Auburn Doubledays batting - Pitching for Batavia Muckdogs : RHP Ashley Rodda
Batting: RHB Jordan Sowell 0-0: Foul Ball, location: 2LF
0-1: Ball
1-1: SINGLE (Line Drive, 34D, EV 102.5 MPH)
Batting: RHB Jim Miller 0-0: Called Strike
0-1: Ball
1-1: Ball
2-1: Ball
3-1: 2-RUN HOME RUN (Flyball, 8LXD, EV 113.8 MPH), Distance : 454 ft
Batting: RHB Matthew Lizaso 0-0: Ground out 6-3 (Groundball, 6, EV 91.9 MPH)
Batting: RHB Tony Alvarez 0-0: Ball
1-0: Foul Ball, location: 23F
1-1: Foul Ball, location: 2F
1-2: Strikes out swinging
Batting: LHB Bobby Lane 0-0: Swinging Strike
0-1: Ball
1-1: Ball
2-1: DOUBLE (Groundball, 5L, EV 101.3 MPH)
Batting: SHB Guadalupe Quiroz 0-0: Called Strike
0-1: Ball
1-1: Fly out, F9 (Flyball, 9D, EV 95.0 MPH)
Bottom of the 4th over - 2 runs, 3 hits, 0 errors, 1 left on base; Batavia 1 - Auburn 7
TOP OF THE 5TH
Batavia Muckdogs batting - Pitching for Auburn Doubledays : RHP Omar Villanueva
Batting: RHB Brice Post 0-0: Called Strike
0-1: Ball
1-1: Called Strike
1-2: Ground out 5-3 (Groundball, 56, EV 90.0 MPH)
Batting: RHB Zack Atwood 0-0: Ground out 5-3 (Groundball, 56, EV 86.3 MPH)
Batting: RHB Brian Andrews 0-0: Foul Ball, location: 2F
0-1: Ball
1-1: Ball
2-1: Fly out, F7 (Flyball, 7, EV 87.5 MPH)
Top of the 5th over - 0 runs, 0 hits, 0 errors, 0 left on base; Batavia 1 - Auburn 7
BOTTOM OF THE 5TH
Auburn Doubledays batting - Pitching for Batavia Muckdogs : RHP Ashley Rodda
Batting: RHB Jose Hinojosa 0-0: Fly out, F3 (Popup, 23F, EV 90.6 MPH)
Batting: RHB Ryan Phillips 0-0: Fly out, F3 (Popup, 23F, EV 86.3 MPH)
Batting: SHB Bill Perez 0-0: Fly out, F7 (Flyball, 7, EV 97.5 MPH)
Bottom of the 5th over - 0 runs, 0 hits, 0 errors, 0 left on base; Batavia 1 - Auburn 7
TOP OF THE 6TH
Batavia Muckdogs batting - Pitching for Auburn Doubledays : RHP Omar Villanueva
Batting: LHB Lynssl Goldstein 0-0: Called Strike
0-1: Foul Ball, location: 3F
0-2: Ball
1-2: Fly out, F8 (Flyball, 8RD, EV 104.4 MPH)
Batting: RHB Cesar Torres 0-0: Called Strike
0-1: Swinging Strike
0-2: Ground out U3 (Groundball, 34, EV 97.5 MPH)
Batting: RHB Jamie Eirich 0-0: Ball
1-0: Foul Ball, location: 5F
1-1: Foul Ball, location: 5DF
1-2: Foul Ball, location: 2F
1-2: Foul Ball, location: 9LMF
1-2: DOUBLE (Flyball, 8LXD, EV 93.1 MPH)
Pitching: RHP Bobby Bean
Batting: RHB Matt Jackson 0-0: Called Strike
0-1: Ball
1-1: DOUBLE (Flyball, 78D, EV 91.3 MPH)
Jamie Eirich scores
Batting: RHB Chris Denbo 0-0: Foul Ball, location: 5FF
0-1: Ball
1-1: Ground out 4-3 (Groundball, 4, EV 83.8 MPH)
Top of the 6th over - 1 run, 2 hits, 0 errors, 1 left on base; Batavia 2 - Auburn 7
BOTTOM OF THE 6TH
Auburn Doubledays batting - Pitching for Batavia Muckdogs : RHP Ashley Rodda
Batting: RHB Jordan Sowell 0-0: Called Strike
0-1: Foul Ball, location: 3SF
0-2: Ball
1-2: Strikes out swinging
Batting: RHB Jim Miller 0-0: Called Strike
0-1: Foul Ball, location: 23F
0-2: Strikes out swinging
Batting: RHB Matthew Lizaso 0-0: Swinging Strike
0-1: Foul Ball, location: 2F
0-2: Ball
1-2: Ball
2-2: Ball
3-2: DOUBLE (Flyball, 8LXD, EV 112.5 MPH)
Batting: RHB Tony Alvarez 0-0: Ball
1-0: Called Strike
1-1: Ball
2-1: Ball
3-1: Called Strike
3-2: Base on Balls
Batting: LHB Bobby Lane 0-0: Foul Ball, location: 2F
0-1: Foul Ball, location: 5FF
0-2: Ball
1-2: DOUBLE (Line Drive, 78M, EV 100.0 MPH)
Matthew Lizaso scores
Tony Alvarez to third
Runner from 3rd tries for Home, SAFE, throw by LF to trailing runner, SAFE at third!
Batting: SHB Guadalupe Quiroz 0-0: Foul Ball, location: 7LDF
0-1: Ball
1-1: Ball
2-1: Foul Ball, location: 2F
2-2: SINGLE (Line Drive, 9S, EV 105.6 MPH)
Bobby Lane scores
Batting: RHB Jose Hinojosa 0-0: Called Strike
0-1: Fielders Choice at 2nd, 6-4 (Groundball, 56, EV 77.5 MPH)
Bottom of the 6th over - 3 runs, 3 hits, 0 errors, 1 left on base; Batavia 2 - Auburn 10
TOP OF THE 7TH
Batavia Muckdogs batting - Pitching for Auburn Doubledays : RHP Bobby Bean
Batting: RHB Bill Ybanez 0-0: Ball
1-0: Ball
2-0: Called Strike
2-1: Fly out, F8 (Flyball, 8RM, EV 80.0 MPH)
Batting: RHB Brice Post 0-0: Foul Ball, location: 7LDF
0-1: Ball
1-1: Swinging Strike
1-2: Ball
2-2: Foul Ball, location: 2F
2-2: Ball
3-2: Strikes out swinging
Pinch Hitting: RHB Victor Martinez 0-0: Ground out 4-3 (Groundball, 4S, EV 71.9 MPH)
Top of the 7th over - 0 runs, 0 hits, 0 errors, 0 left on base; Batavia 2 - Auburn 10
BOTTOM OF THE 7TH
Auburn Doubledays batting - Pitching for Batavia Muckdogs : RHP Ashley Rodda
Now in LF: Victor Martinez
Now in CF: Lynssl Goldstein
Pinch Hitting: LHB German Rodriguez 0-0: Foul Ball, location: 7LMF
0-1: Ball
1-1: Foul Ball, location: 25F
1-2: Ball
2-2: Ball
3-2: Strikes out looking
Pinch Hitting: RHB Erik Overholtzer 0-0: Ball
1-0: Foul Ball, location: 2F
1-1: SOLO HOME RUN (Flyball, 9D, EV 98.1 MPH), Distance : 401 ft
Batting: RHB Jordan Sowell 0-0: Ball
1-0: Ball
2-0: Ball
3-0: Called Strike
3-1: Base on Balls
Pitching: RHP Fernando Alvarez
Batting: RHB Jim Miller 0-0: Ball
1-0: Foul Ball, location: 3SF
1-1: Grounds into double play, 6-4-3 (Groundball, 6, EV 101.3 MPH)
Bottom of the 7th over - 1 run, 1 hit, 0 errors, 0 left on base; Batavia 2 - Auburn 11
TOP OF THE 8TH
Batavia Muckdogs batting - Pitching for Auburn Doubledays : RHP Bobby Bean
Now at 2B: Erik Overholtzer
Now in CF: German Rodriguez
Batting: RHB Brian Andrews 0-0: Called Strike
0-1: Swinging Strike
0-2: Ball
1-2: Foul Ball, location: 5F
1-2: Strikes out looking
Pinch Hitting: SHB Jared Yon 0-0: Called Strike
0-1: Called Strike
0-2: Foul Ball, location: 25F
0-2: Ball
1-2: Fly out, F7 (Flyball, 7LS, EV 95.6 MPH)
Batting: RHB Cesar Torres 0-0: Foul Ball, location: 9LMF
0-1: Ball
1-1: Ball
2-1: Ground out 5-3 (Groundball, 5, EV 83.8 MPH)
Top of the 8th over - 0 runs, 0 hits, 0 errors, 0 left on base; Batavia 2 - Auburn 11
BOTTOM OF THE 8TH
Auburn Doubledays batting - Pitching for Batavia Muckdogs : RHP Fernando Alvarez
Now in CF: David Serna
Pinch Hitting: RHB Bubba Albert 0-0: Called Strike
0-1: Fly out, F3 (Popup, 3SF, EV 68.1 MPH)
Pinch Hitting: RHB Jake Hays 0-0: Foul Ball, location: 9LMF
0-1: Swinging Strike
0-2: Fly out, F7 (Flyball, 7LS, EV 92.5 MPH)
Batting: LHB Bobby Lane 0-0: Ground out 4-3 (Groundball, 4, EV 81.3 MPH)
Bottom of the 8th over - 0 runs, 0 hits, 0 errors, 0 left on base; Batavia 2 - Auburn 11
TOP OF THE 9TH
Batavia Muckdogs batting - Pitching for Auburn Doubledays : RHP Bobby Bean
Now at SS: Jake Hays
Now in LF: Jim Robison
Batting: RHB Jamie Eirich 0-0: Ball
1-0: Foul Ball, location: 2F
1-1: Ball
2-1: Ball
3-1: Foul Ball, location: 2F
3-2: Strikes out looking
Pinch Hitting: SHB Jesse Schulte 0-0: Ball
1-0: Ground out 6-3 (Groundball, 6M, EV 86.3 MPH)
Pinch Hitting: LHB Nick Harris 0-0: Ball
1-0: SINGLE (Line Drive, 9S, EV 92.5 MPH)
Pinch Hitting: RHB Jesse Walker 0-0: Ball
1-0: Swinging Strike
1-1: Ball
2-1: Called Strike
2-2: Fielders Choice at 2nd, 6-4 (Groundball, 6, EV 73.8 MPH)
Top of the 9th over - 0 runs, 1 hit, 0 errors, 1 left on base; Batavia 2 - Auburn 11
Thursday, May 9th , 2024 - OOTP Baseball 24.11 Build 85